 Dungeon Sprint DCSS version 0.28.0-43-g3370ac3207 (webtiles) character file.

Game seed: 1951191946847889685

1905 boopmooplesden the Fighter (level 8, 0/90 HPs)
             Began as a Minotaur Berserker on Mar 2, 2022.
             Was a High Priest of Trog.
             Succumbed to a hornet's poison
             ... in the Dungeon (Sprint II: "The Violet Keep of Menkaure").
             The game lasted 00:02:55 (839 turns).

boopmooplesden the Fighter (Minotaur Berserker)      Turns: 839, Time: 00:02:56

Health: 0/90       AC: 16    Str: 24    XL:     8   Next: 94%
Magic:  7/7        EV: 12    Int:  4    God:    Trog [*****.]
Gold:   534        SH:  0    Dex: 13    Spells: 7/7 levels left

rFire   . . .      SeeInvis +   a - +0 spear (flame)
rCold   . . .      Faith    .   (no shield)
rNeg    . . .      Spirit   .   i - +6 chain mail of Understanding {rCorr Dex+3 SInv}
rPois   .          Reflect  .   (helmet restricted)
rElec   .          Harm     .   (no cloak)
rCorr   +          Rampage  .   (no gloves)
Will    .....      NoTele   +   (no boots)
Stlth   ..........              (no amulet)
HPRegen 0.25/turn               (no ring)
MPRegen 0.10/turn               (no ring)

@: lethally poisoned (0 -> -8), on berserk cooldown, hasted and slowed
A: horns 2, retaliatory headbutt
a: Renounce Religion, Berserk, Trog's Hand, Brothers in Arms


You were in the Dungeon.
You worshipped Trog.
Trog was extremely pleased with you.
You visited 1 branch You collected 972 gold pieces.
You spent 438 gold pieces at shops.

Inventory:

Hand Weapons
 a - a +0 spear of flaming (weapon)
Armour
 i - the +6 chain mail of Understanding (worn) {rCorr Dex+3 SInv}
   (You bought it in a shop in the Dungeon)

   Dex:       It affects your dexterity (+3).
   SInv:      It lets you see invisible.
   rCorr:     It protects you from acid and corrosion.
Scrolls
 h - a scroll of blinking
Potions
 f - 2 potions of magic
 g - a potion of berserk rage


   Skills:
 + Level 14.7 Fighting
 + Level 14.7 Polearms
 + Level 8.1 Armour
 + Level 8.9 Dodging
 + Level 2.6 Stealth


You had 7 spell levels left.
You didn't know any spells.
Your spell library was empty.

Dungeon Overview and Level Annotations

Branches:
Dungeon (1/1)

Altars:
Cheibriados
Dithmenos
Elyvilon
Fedhas
Gozag
Hepliaklqana
Kikubaaqudgha
Makhleb
Qazlal
Ru
Sif Muna
Trog
Wu Jian
Xom
Beogh
Jiyva
Lugonu

Shops:
D :[:[*([=!!?=*[=

Annotations:
D exclusion: oklob plant


Innate Abilities, Weirdness & Mutations

You have a pair of horns on your head.
You reflexively headbutt those who attack you in melee.


Message History

You feel as though you will be slow longer.
You feel much better.
You feel very sick.
The hornet stings you but does no damage. x2
You feel yourself speed up.
You feel very sick.
The hornet stings you but does no damage. x2
You puncture the hornet! You burn the hornet. Your headbutt misses the hornet.
The hornet is almost dead.
You feel sick. The hornet stings you!
* * * LOW HITPOINT WARNING * * *
You are more poisoned.
You feel as though you will be slow longer.
You barely miss the hornet.
The hornet is almost dead.
You feel sick. The hornet stings you.
* * * LOW HITPOINT WARNING * * *
You feel as though you will be slow longer.
You hit the hornet. You burn the hornet.
You kill the hornet!
Trog accepts your kill. Trog grants you a weapon!
Something appears at your feet!
You see here a +2 antimagic glaive.
You feel sick.
Your Armour skill increases to level 8!
You feel very sick.
The yaktaur hits you but does no damage.
Things that are here:
a hornet corpse; a polar bear corpse You hit the yaktaur.
You burn the yaktaur.
The yaktaur is lightly wounded.
You feel sick. The yaktaur hits you!
* * * LOW HITPOINT WARNING * * *
You hit the yaktaur. You burn the yaktaur.
The yaktaur is moderately wounded.
* * * LOW HITPOINT WARNING * * *
You feel sick.
You hit the yaktaur. You burn the yaktaur. You headbutt the yaktaur!
The yaktaur is severely wounded.
You die...

## .##.#### +.### ..#
...# ^..#### .####..##
#..##.# ###.##.§#
+^.#..# ##...#..#
#..#c.#
.'.##'..####^.##@# [
####.#....###^.)##▓▓▓▓
# #.##......≈≈≈≈≈≈≈≈≈≈≈
# ###≈≈§....≈#+########
..#≈≈≈≈≈≈≈..≈#.._.....#
.##≈≈≈≈§§§§.≈#._._....#
##§≈≈≈≈§≈§≈≈≈#_._._...#
≈≈≈≈≈≈≈§≈≈≈≈§#._._._..#
+++#≈≈≈≈≈§≈≈≈#_._._._.#


You could see a yaktaur.

Vanquished Creatures
  A merfolk siren (D)
  3 polar bears (D)
  A hornet (D)
  Menkaure (D)
  4 necrophages (D)
  4 scorpions (D)
  A hell rat (D)
  3 worms (D)
18 creatures vanquished.

Vanquished Creatures (others)
  A water moccasin (D)
1 creature vanquished.

Grand Total: 19 creatures vanquished

Notes
Turn   | Place    | Note
-------+----------+-------------------------------------------
     0 | D        | boopmooplesden the Minotaur Berserker began the quest for
                  | the Orb.
     0 | D        | Reached XP level 1. HP: 19/19 MP: 0/0
     1 | D        | Noticed a necrophage
     1 | D        | Noticed a necrophage
     1 | D        | Noticed a necrophage
     1 | D        | Noticed a necrophage
     4 | D        | Killed a necrophage
     5 | D        | Reached XP level 2. HP: 34/34 MP: 1/1
     5 | D        | Reached XP level 3. HP: 39/39 MP: 2/2
     5 | D        | Reached XP level 4. HP: 47/47 MP: 3/3
     6 | D        | Killed a necrophage
     7 | D        | Reached XP level 5. HP: 56/56 MP: 4/4
    11 | D        | Killed a necrophage
    11 | D        | Reached ** piety under Trog
    12 | D        | Reached skill level 5 in Armour
    14 | D        | Killed a necrophage
    15 | D        | Reached skill level 10 in Fighting
    15 | D        | Reached skill level 10 in Polearms
    15 | D        | Reached skill level 5 in Dodging
    15 | D        | Reached XP level 6. HP: 67/67 MP: 5/5
    26 | D        | Killed a water moccasin
    77 | D        | Reached *** piety under Trog
   180 | D        | Reached XP level 7. HP: 32/75 MP: 6/6
   191 | D        | Reached **** piety under Trog
   429 | D        | Noticed a merfolk siren
   446 | D        | Killed a merfolk siren
   447 | D        | Reached skill level 1 in Stealth
   449 | D        | Found Hiudwof's Jewellery Shoppe.
   449 | D        | Found Tuw Qidgh's General Store.
   449 | D        | Found Ucuosk's Antique Armour Emporium.
   449 | D        | Found Subymuoq's Jewellery Shoppe.
   449 | D        | Found Guom's Magic Scroll Emporium.
   450 | D        | Found Wynk's Antique Armour Emporium.
   450 | D        | Found Fopoj's Distillery.
   450 | D        | Found Rishu's Distillery.
   452 | D        | Found Radeosy's Assorted Antiques.
   452 | D        | Found Ajieto's Armour Emporium.
   453 | D        | Found Tukon's Book Shoppe.
   453 | D        | Found Doaxym's Jewellery Shoppe.
   453 | D        | Found Tucsov's Antique Weapon Emporium.
   453 | D        | Found Duolaaqy's Antique Armour Emporium.
   453 | D        | Noticed Menkaure
   453 | D        | Noticed a redback
   472 | D        | Killed Menkaure
   473 | D        | Reached XP level 8. HP: 44/86 MP: 7/7
   701 | D        | Reached ***** piety under Trog
   703 | D        | Identified the +1 ring mail of Guofrew {rElec rPois Str-5
                  | Stlth+}
   711 | D        | Noticed an oklob plant
   712 | D        | Found Xompajai's Book Shoppe.
   714 | D        | Noticed a fire dragon
   716 | D        | Noticed a hell hog
   716 | D        | Noticed a hell hog
   726 | D        | Bought a masterwork chain mail for 218 gold pieces
   726 | D        | Identified the +6 chain mail of Understanding {rCorr Dex+3
                  | SInv} (You bought it in a shop in the Dungeon)
   768 | D        | Bought a scroll of brand weapon for 220 gold pieces
   791 | D        | Found a stormy altar of Qazlal.
   791 | D        | Found an ornate altar of the Wu Jian Council.
   792 | D        | Found a hazy altar of Hepliaklqana.
   792 | D        | Found a sacrificial altar of Ru.
   792 | D        | Found a shimmering altar of Xom.
   793 | D        | Found a viscous altar of Jiyva.
   793 | D        | Found a shimmering blue altar of Sif Muna.
   794 | D        | Found a snail-covered altar of Cheibriados.
   794 | D        | Found an ancient bone altar of Kikubaaqudgha.
   794 | D        | Found a bloodstained altar of Trog.
   795 | D        | Found a shadowy altar of Dithmenos.
   795 | D        | Found a corrupted altar of Lugonu.
   796 | D        | Found a white marble altar of Elyvilon.
   796 | D        | Found a burning altar of Makhleb.
   797 | D        | Found a blossoming altar of Fedhas.
   798 | D        | Found an opulent altar of Gozag.
   798 | D        | Noticed a polar bear
   798 | D        | Noticed a polar bear
   798 | D        | Noticed a polar bear
   806 | D        | Killed a polar bear
   807 | D        | Noticed a hornet
   814 | D        | Killed a polar bear
   815 | D        | Noticed a yaktaur
   819 | D        | Killed a polar bear
   827 | D        | Paralysed by a hornet for 1 turns
   835 | D        | Killed a hornet
   835 | D        | Received a gift from Trog
   837 | D        | HP: 2/90 [yaktaur (11)]
   839 | D        | Succumbed to a hornet's poison

Illustrated notes

Levels and vault maps discovered:
D:        the_violet_keep_of_menkaure [sprint2_stairs_cluster_1,
          sprint2_shoproom, sprint2_temple, sprint2_basic_supplies,
          sprint2_obstacle_4, sprint2_obstacle_1, sprint2_obstacle_3,
          sprint2_obstacle_2, sprint2_obstacle_7, sprint2_timed_cluster_1,
          sprint2_smallroom_cluster_1, sprint2_smallroom_final_cluster_1,
          sprint2_transparent_cluster_1, sprint2_second_timed_cluster_1,
          sprint2_sniper_area_1, sprint2_heavy_combat_area_1,
          sprint2_mutation_trap_area_1, sprint2_forest_area_1,
          sprint2_light_combat_area_1, sprint2_behind_water_1,
          sprint2_near_end_vault_1]

Skill      XL: |  1  2  3  4  5  6  7  8 |
---------------+-------------------------+-----
Fighting       | 7 8 10 11 13 14 | 14.7
Polearms       | 7 8 10 11 13 14 | 14.7
Armour         | 4 5 6 7 8 |  8.1
Dodging        | 3 4 5 6 7 8 |  8.9
Stealth        | 1 2 |  2.6

Action                   |  1- 3 |  4- 6 |  7- 9 || total
-------------------------+-------+-------+-------++-------
Melee: Spear             |     2 |    48 |    64 ||   114
       Headbutt          |     1 |     8 |    12 ||    21
       Punch             |       |     1 |     2 ||     3
Invok: Berserk           |     1 |       |     2 ||     3
  Use: Potion            |       |       |     3 ||     3
       Scroll            |       |       |     1 ||     1
 Stab: Sleeping          |       |       |     1 ||     1
Armor: Animal skin       |       |     5 |       ||     5
       Chain mail        |       |       |    22 ||    22
Dodge: Dodged            |     1 |     8 |    18 ||    27
